 Dungeon Crawl Stone Soup version bcrawl-1.32 (webtiles) character file.

Game seed: 6670651528365881893

270909 Morbidden the Poker (level 9, -3/95 HPs)
             Began as an Ent Archaeologist on July 4, 2021.
             Was a Believer of Cheibriados.
             Slain by a troll (4 damage)
             ... on level 7 of the Dungeon.
             The game lasted 00:06:08 (6157 turns).

Morbidden the Poker (Ent Archaeologist)             Turns: 6157, Time: 00:06:08

Health: -3/95      AC: 25    Str: 24    XL:     9   Next: 19%
Magic:  15/15      EV: 12    Int: 28    God:    Cheibriados [**....]
Gold:   502        SH:  0    Dex: 13    Spells: 17/17 levels left

rFire    . . .     SeeInvis .   a - +2 glaive (protect)
rCold    . . .     Gourm    .   (no shield)
rNeg     + + +     Faith    .   (armour unavailable)
rPois    +         Spirit   .   c - +2 hat
rElec    .         Reflect  .   (no cloak)
rCorr    .         Harm     .   (gloves unavailable)
MR       .....                  (boots unavailable)
Stlth    +++.......             (no amulet)
HPRegen  0.25/turn              (no ring)
MPRegen  0.14/turn              (no ring)

@: brilliant, protection aura, very slow
A: large, slow actions, passwall, strong branches, negative energy resistance 3,
poison resistance, slow metabolism 1, torment resistance, unbreathing, AC +16
a: Passwall, Bend Time, Renounce Religion


You were on level 7 of the Dungeon.
You worshipped Cheibriados.
Cheibriados was pleased with you.
You were hungry.

You visited 2 branches of the dungeon, and saw 8 of its levels.

You collected 502 gold pieces.

Inventory:

Hand Weapons
 a - a +2 glaive of protection (weapon)
 b - a +0 blowgun
Missiles
 d - 2 curare-tipped needles
Armour
 c - a +2 hat (worn)
Jewellery
 y - a cursed amulet of the gourmand {unknown}
Wands
 t - a wand of acid (8)
Scrolls
 f - 2 scrolls of enchant weapon {unknown}
 g - a scroll of magic mapping
 h - 5 scrolls of remove curse
 i - 11 scrolls of identify
 p - a scroll of amnesia
 w - a scroll of teleportation
 x - 2 scrolls of immolation {unknown}
Potions
 j - a potion of mutation {unknown}
 k - 3 potions of curing
 l - 2 potions of magic
 m - a potion of brilliance
 n - a potion of cancellation {unknown}
 o - 2 potions of agility
 q - a potion of lignification {unknown}
 r - a potion of heal wounds
 s - a potion of degeneration {unknown}
 u - a potion of might {unknown}
Comestibles
 e - 15 rations {!d}


   Skills:
 * Level 5.5 Fighting
   Level 1.6 Short Blades
   Level 1.4 Maces & Flails
 * Level 7.7 Polearms
 + Level 5.1 Dodging
 + Level 5.4 Stealth
 * Level 4.6 Spellcasting
 * Level 4.2 Invocations


You had 17 spell levels left.
You didn't know any spells.
Your spell library was empty.

Dungeon Overview and Level Annotations

Branches:
Dungeon (7/12)             Temple (1/1) D:4
   Lair: D:7-9

Altars:
Ashenzari
Cheibriados
Dithmenos
Fedhas
Gozag
Hepliaklqana
Kikubaaqudgha
Lugonu
Makhleb
Nemelex Xobeh
Okawaru
Qazlal
Ru
Trog
Uskayaw
Wu Jian
Xom
Zin
The Shining One


Innate Abilities, Weirdness & Mutations

You move and act slowly.
You can pass through walls and trees.
Your branches can wield two-handed weapons with a shield.
Your thick bark is tough. (AC +16)
You are too large for most types of armour.
You are immune to negative energy. (rN+++)
Your system is resistant to poisons. (rPois)
You have a slow metabolism.
You are immune to unholy pain and torment.
You can survive without breathing.


Message History

The troll barely misses you. x4
You hit the troll.
Your weapon exudes an aura of protection.
The troll is heavily wounded.
The troll barely misses you. The troll closely misses you.
The troll barely misses you.
You slash the troll!
The troll is severely wounded.
The troll bites you!
* * * LOW HITPOINT WARNING * * *
The troll barely misses you. The troll claws you.
* * * LOW HITPOINT WARNING * * *
The troll closely misses you. The troll barely misses you.
The troll closely misses you.
You barely miss the troll.
The troll is severely wounded.
The troll misses you. The troll closely misses you. The troll claws you!
* * * LOW HITPOINT WARNING * * *
The troll bites you.
You die...

#####'######....#..# #........
#..'.......#....#..# #........
...#.......'....##### #........
...#.......#........# #.....##'
#####..##..##'##....#####.....#..
#..###+##..#....#..########..
#...#......'....#............
#...#......#....'.......#####
############@..)############
#.T##### ###_## #.W# #..... #..#
#♣...♣ #..# #..... #..# #♣...♣
.............# #####'##
..........'...# #[......
..........#T..# #.......


You could see a troll and a phantom.

Vanquished Creatures
  A hippogriff (D:4)
  A hungry ghost (D:6)
  Menkaure (D:6)
  A crocodile (D:6)
  An orc warrior (D:6)
  Duvessa (D:7)
  2 sky beasts
  A phantom (D:6)
  A wolf (D:7)
  2 centaurs
  An ogre (D:4)
  3 bullfrogs
  Dowan (D:7)
  A scorpion (D:4)
  A killer bee (D:5)
  2 howler monkeys
  2 centaur zombies
  3 hounds
  A bullfrog skeleton (D:5)
  An orc priest (D:5)
  3 orc wizards (D:5)
  A worker ant (D:6)
  A hound skeleton (D:6)
  A worker ant zombie (D:6)
  Robin (D:2)
  6 gnolls
  3 adders
  2 oozes
  An adder skeleton (D:4)
  A worm (D:3)
  3 dart slugs
  4 leopard geckos
  6 orcs
  A ball python (D:1)
  3 bats
  3 giant cockroaches (D:2)
  9 goblins
  10 hobgoblins
  12 jackals
  4 quokkas
  2 frilled lizards
  7 kobolds
  5 rats (D:1)
117 creatures vanquished.

Notes
Turn   | Place    | Note
-------+----------+-------------------------------------------
     0 | D:1      | Morbidden the Ent Archaeologist began the quest for the
                  | Orb.
     0 | D:1      | Reached XP level 1. HP: 21/21 MP: 1/1
   210 | D:1      | Reached XP level 2. HP: 29/29 MP: 2/2
   757 | D:1      | Reached XP level 3. HP: 36/36 MP: 3/3
   984 | D:2      | Found a corrupted altar of Lugonu.
  1470 | D:2      | Found a sacrificial altar of Ru.
  1560 | D:2      | Noticed Robin
  1567 | D:2      | Reached skill level 1 in Spellcasting
  1585 | D:2      | Killed Robin
  1586 | D:2      | Reached XP level 4. HP: 42/44 MP: 5/5
  2161 | D:3      | Found a hazy altar of Hepliaklqana.
  2161 | D:3      | Found an ornate altar of the Wu Jian Council.
  2402 | D:3      | Reached skill level 1 in Short Blades
  2724 | D:4      | Found a sparkling altar of Nemelex Xobeh.
  2756 | D:4      | Reached XP level 5. HP: 40/53 MP: 7/7
  2756 | D:4      | Identified a scroll of acquirement
  2870 | D:4      | Found a blossoming altar of Fedhas.
  2877 | D:4      | Found an iron altar of Okawaru.
  2882 | D:4      | Found a snail-covered altar of Cheibriados.
  2994 | D:4      | Noticed a hippogriff
  3045 | D:4      | Became a worshipper of Cheibriados the Contemplative
  3082 | D:4      | Found a bloodstained altar of Trog.
  3111 | D:4      | Noticed an ogre
  3111 | D:4      | Noticed a sky beast
  3119 | D:4      | Killed a hippogriff
  3120 | D:4      | Reached skill level 1 in Polearms
  3120 | D:4      | Reached skill level 5 in Stealth
  3120 | D:4      | Reached skill level 1 in Invocations
  3120 | D:4      | Reached XP level 6. HP: 22/64 MP: 7/9
  3138 | D:4      | Killed a sky beast
  3139 | D:4      | Reached skill level 2 in Polearms
  3139 | D:4      | Reached XP level 7. HP: 17/72 MP: 11/11
  3289 | D:4      | Found a staircase to the Ecumenical Temple.
  3345 | D:4      | Found a glowing silver altar of Zin.
  3384 | D:4      | Found a shimmering altar of Xom.
  3463 | D:4      | Found an opulent altar of Gozag.
  3701 | Temple   | Entered the Ecumenical Temple
  3842 | D:5      | Entered Level 5 of the Dungeon
  3897 | D:5      | Reached skill level 3 in Polearms
  4295 | D:5      | Reached * piety under Cheibriados
  4409 | D:5      | Reached skill level 4 in Polearms
  4445 | D:5      | Reached XP level 8. HP: 76/85 MP: 13/13
  4775 | D:6      | Noticed Menkaure
  4780 | D:6      | Reached skill level 5 in Polearms
  4781 | D:6      | Killed Menkaure
  4804 | D:6      | Reached skill level 6 in Polearms
  4807 | D:6      | Reached ** piety under Cheibriados
  4991 | D:6      | Reached skill level 5 in Fighting
  5262 | D:6      | Reached skill level 5 in Dodging
  5406 | D:6      | Reached skill level 7 in Polearms
  5406 | D:6      | Reached XP level 9. HP: 91/95 MP: 15/15
  5678 | D:7      | Noticed Duvessa
  5679 | D:7      | Noticed Dowan
  5689 | D:7      | Killed Duvessa
  5692 | D:7      | Killed Dowan
  5711 | D:7      | Found a glowing golden altar of the Shining One.
  6104 | D:7      | Noticed a troll
  6157 | D:7      | HP: 1/95 [troll (8)]
  6157 | D:7      | Slain by a troll

Skill      XL: |  1  2  3  4  5  6  7  8  9 |
---------------+----------------------------+-----
Stealth        | 4 5 |  5.4
Dodging        | 3 4 5 |  5.1
Spellcasting   | 1 2 3 4 |  4.6
Short Blades   | 1 |  1.6
Fighting       | 2 3 4 5 |  5.5
Polearms       | 1 2 4 7 |  7.7
Invocations    | 1 2 3 4 |  4.2
Maces & Flails | |  1.4

Action                   |  1- 3 |  4- 6 |  7- 9 || total
-------------------------+-------+-------+-------++-------
Melee: Whip              |    19 |       |       ||    19
       Dagger            |   141 |    92 |       ||   233
       Glaive            |       |    24 |   226 ||   250
 Fire: Blowgun           |       |     4 |       ||     4
  Use: Scroll            |       |     2 |     4 ||     6
       Potion            |       |       |     4 ||     4
 Stab: Sleeping          |     8 |     2 |     8 ||    18
       Distracted        |       |     1 |       ||     1
  Eat: Chunk             |     5 |     7 |    15 ||    27
       Ration            |       |       |     1 ||     1
Armor: Skin              |   115 |   128 |   299 ||   542
Dodge: Dodged            |   126 |    97 |   339 ||   562
